 Dungeon Crawl Stone Soup version 0.26.1-2-gb8aa6d0cf2 (webtiles) character file.

Game seed: 15960269245331130560

410 jlumianski the Chopper (level 6, -10/55 HPs)
             Began as a Palentonga Fighter on Feb 15, 2021.
             Killed by divine providence
             ... invoked by an orc priest
              (15 damage)
             ... on level 4 of the Dungeon on Feb 16, 2021.
             The game lasted 00:15:37 (4101 turns).

jlumianski the Chopper (Palentonga Fighter)         Turns: 4101, Time: 00:15:38

Health: -10/55     AC:  9    Str: 22    XL:     6   Next: 58%
Magic:  6/6        EV:  4    Int: 14    God:
Gold:   222        SH:  9    Dex:  9    Spells: 5/5 levels left

rFire    . . .     SeeInvis +   a - +1 war axe
rCold    . . .     Faith    .   c - +0 kite shield
rNeg     . . .     Spirit   .   m - +0 chain mail
rPois    .         Reflect  .   (no helmet)
rElec    .         Harm     .   v - +0 cloak
rCorr    .         Rampage  .   (no gloves)
Will     .....                  (no barding)
Stlth    ..........             (no amulet)
HPRegen  0.18/turn              E - +6 ring of intelligence
MPRegen  0.10/turn              (no ring)

@: no status effects
A: large, rugged brown scales 3, see invisible, deformed body, roll 1, armoured
tail
a: Rolling Charge


You were on level 4 of the Dungeon.
You visited 1 branch of the dungeon, and saw 4 of its levels.

You collected 222 gold pieces.

Inventory:

Hand Weapons
 a - a +1 war axe (weapon)
 i - a +1 short sword of venom
 u - a +2 quarterstaff of chaos
 y - a +1 whip of electrocution
 H - a +1 trident of protection
Missiles
 e - 72 stones
 s - 29 bolts
 z - 5 poisoned darts (quivered)
 B - 7 boomerangs
Armour
 b - a +0 scale mail
 c - a +0 kite shield (worn)
 m - a +0 chain mail (worn)
 v - a +0 cloak (worn)
 F - a +0 plate armour
Jewellery
 r - an uncursed amulet of inaccuracy
 E - a +6 ring of intelligence (left hand)
Wands
 D - a wand of polymorph (6)
Scrolls
 f - a scroll of random uselessness
 p - a scroll of enchant weapon
 w - a scroll of noise {unknown}
 x - a scroll of amnesia {unknown}
 A - a scroll of teleportation {unknown}
 C - a scroll of blinking {unknown}
 G - a scroll of remove curse
 I - a scroll of immolation {unknown}
Potions
 d - a potion of might
 g - 3 potions of curing
 h - 2 potions of cancellation {unknown}
 j - a potion of invisibility {unknown}
 k - a potion of degeneration {unknown}
 l - 2 potions of lignification {unknown}
 n - a potion of heal wounds {unknown}
 o - a potion of attraction
 q - a potion of brilliance {unknown}
 t - a potion of ambrosia {unknown}


   Skills:
 + Level 4.2 Fighting
 + Level 4.7 Axes
 + Level 3.2 Armour
 + Level 1.3 Dodging
 + Level 0.1 Stealth
 + Level 3.2 Shields


You had 5 spell levels left.
You didn't know any spells.
Your spell library was empty.

Dungeon Overview and Level Annotations

Branches:
Dungeon (4/15)
 Temple: D:4-7

Altars:
Dithmenos


Innate Abilities, Weirdness & Mutations

You are completely covered in rugged brown scales. (AC +3, +7% HP)
You have supernaturally acute eyesight. (SInv)
Armour fits poorly on your strangely shaped body.
You can roll at nearby foes to attack.
You have a long armoured tail.


Message History

There is an open door here.
The orc wizard mumbles some strange words.
The orc wizard blinks!
The orc priest calls down the wrath of Beogh upon you.
You barely resist.
The orc wizard mumbles some strange words.
The orc wizard seems to speed up.
The orc priest looks encouraged for a moment.
Found a stone staircase leading up.
The orc priest invokes the aid of Beogh against you.
Pain shoots through your body!
* * * LOW HITPOINT WARNING * * *
An ogre comes into view. It is wielding a +0 giant club.
The ogre shouts!
The orc priest looks braver for a moment.
The orc priest looks encouraged for a moment.
There is a stone staircase leading up here.
The orc priest calls down the wrath of Beogh upon you.
Beogh smites you!
You die...

......#...##....#................
....#...........#................
....#.....#####'#................
....#.....##....###'##+##....##'#
....#.##'###.........# #.<..#...
##+##+##..##.........# +....#...
..........##....##...# #....#...
..........########...# #....#...
................@...## #....#...
....................# .....#...
##..####..##........# .#+###..#
.#..########.o..##..# .. .....
.#........##....##..# .... .
.#......o..o........# ##...
.#####...ooo........# #...
.....#..............# .'..#
.....#'#####....##O.# .#..#


You could see an orc priest, 2 orc wizards and 2 orcs.

Vanquished Creatures
  An ogre (D:4)
  A centaur zombie (D:3)
  Crazy Yiuf (D:2)
  A hound (D:4)
  3 orc wizards
  A hound zombie (D:3)
  5 adders
  3 oozes
  2 adder zombies
  2 worms
  A dart slug (D:1)
  3 leopard geckos
  3 orcs
  A bat zombie (D:1)
  3 giant cockroaches
  10 goblins
  7 hobgoblins
  2 jackals (D:4)
  4 kobolds
  A ball python (D:2)
  A ball python zombie (D:3)
  9 bats
  5 frilled lizards
  A giant cockroach zombie (D:3)
  2 jackal zombies (D:3)
  A leopard gecko skeleton (D:3)
  7 rats
81 creatures vanquished.

Vanquished Creatures (others)
  8 withered plants (D:3)
8 creatures vanquished.

Grand Total: 89 creatures vanquished

Notes
Turn   | Place    | Note
-------+----------+-------------------------------------------
     0 | D:1      | jlumianski the Palentonga Fighter began the quest for the
                  | Orb.
     0 | D:1      | Reached XP level 1. HP: 20/20 MP: 1/1
   119 | D:1      | Reached XP level 2. HP: 26/27 MP: 2/2
   547 | D:1      | Reached XP level 3. HP: 27/33 MP: 3/3
  1212 | D:2      | Found a runed translucent door.
  1213 | D:2      | Noticed Crazy Yiuf
  1442 | D:2      | Reached XP level 4. HP: 37/40 MP: 4/4
  2172 | D:2      | Killed Crazy Yiuf
  2362 | D:3      | Reached XP level 5. HP: 41/49 MP: 5/5
  2591 | D:3      | Found a shadowy altar of Dithmenos.
  3298 | D:3      | Reached XP level 6. HP: 52/55 MP: 6/6
  3956 | D:4      | Reached skill level 1 in Dodging
  4101 | D:4      | Killed from afar by an orc priest

Illustrated notes

Levels and vault maps discovered:
D:1:      saegor_arrival_fortress, layout_basic, due_unseen_surprise
D:2:      layout_loops_ring, uniq_crazy_yiuf_cottage
D:3:      layout_loops_ring, nicolae_dithmenos_shadow_blocks, serial_undead,
          serial_undead_d, serial_undead_f, serial_undead_b, serial_undead_d,
          serial_undead_e, serial_undead_c
D:4:      layout_gridville

Skill      XL: |  1  2  3  4  5  6 |
---------------+-------------------+-----
Axes           | 3 4 |  4.7
Armour         | 3 |  3.2
Shields        | 3 |  3.2
Fighting       | 4 |  4.2
Dodging        | 1 |  1.3
Stealth        | |  0.1

Action                   |  1- 3 |  4- 6 || total
-------------------------+-------+-------++-------
Melee: War axe           |   106 |   137 ||   243
       Tailslap          |     7 |    17 ||    24
 Abil: Rolling Charge    |    11 |    16 ||    27
  Use: Potion            |       |     3 ||     3
       Scroll            |       |     5 ||     5
Armor: Scale mail        |    42 |       ||    42
       Chain mail        |    19 |    89 ||   108
Dodge: Dodged            |    22 |    26 ||    48
Block: Kite shield       |    63 |    62 ||   125
